 Dungeon Crawl Stone Soup version 0.28-a0-674-gdaf460b524 (webtiles) character file.

Game seed: 1627521691099469024

2 Rennog the Magician (level 1, 20/20 HPs)
             Began as a Gnoll Wanderer on Oct 18, 2021.
             Quit the game on level 1 of the Dungeon.
             The game lasted 00:00:22 (141 turns).

Rennog the Magician (Gnoll Wanderer)                 Turns: 141, Time: 00:00:23

Health: 20/20      AC:  2    Str:  9    XL:     1   Next: 40%
Magic:  6/6        EV: 12    Int: 12    God:
Gold:   24         SH:  0    Dex: 12    Spells: 9/9 levels left

rFire   . . .      SeeInvis .   a - +2 spear
rCold   . . .      Faith    .   (no shield)
rNeg    . . .      Spirit   .   b - +0 robe
rPois   .          Reflect  .   (no helmet)
rElec   .          Harm     .   (no cloak)
rCorr   .          Rampage  .   (no gloves)
Will    .....                   (no boots)
Stlth   ++........              (no amulet)
HPRegen 0.06/turn               (no ring)
MPRegen 0.10/turn               (no ring)

@: no status effects
A: fangs 1, strong nose, distributed training
a: no special abilities


You were on level 1 of the Dungeon.
You visited 1 branch of the dungeon, and saw 1 of its levels.

You collected 24 gold pieces.

Inventory:

Hand Weapons
 a - a +2 spear (weapon)
Armour
 b - a +0 robe (worn)
Scrolls
 d - a scroll of identify {unknown}
Potions
 c - a potion of haste {unknown}
 e - 2 potions of attraction {unknown}


   Skills:
 + Level 4.4 Fighting
 + Level 0.0 Short Blades
 + Level 0.0 Long Blades
 + Level 0.0 Axes
 + Level 0.0 Maces & Flails
 + Level 4.4 Polearms
 + Level 0.0 Staves
 + Level 0.0 Slings
 + Level 0.0 Bows
 + Level 0.0 Crossbows
 + Level 0.0 Throwing
 + Level 0.0 Armour
 + Level 2.3 Dodging
 + Level 2.1 Stealth
 + Level 2.3 Shields
 + Level 0.0 Unarmed Combat
 + Level 4.8 Spellcasting
 + Level 0.0 Conjurations
 + Level 0.0 Hexes
 + Level 0.0 Summonings
 + Level 0.0 Necromancy
 + Level 0.0 Translocations
 + Level 1.9 Transmutations
 + Level 0.0 Fire Magic
 + Level 0.0 Ice Magic
 + Level 0.0 Air Magic
 + Level 0.0 Earth Magic
 + Level 0.0 Poison Magic
 + Level 0.1 Invocations
 + Level 0.0 Evocations


You had 9 spell levels left.
You didn't know any spells.
Your spell library contained the following spells:

 Spells                   Type           Power      Damage    Failure   Level
 Sting                    Tmut/Pois      20%        1d4       14%         1
 Ignite Poison            Fire/Tmut/Pois 4%         N/A       43%         3


Dungeon Overview and Level Annotations

Branches:
Dungeon (1/15)

Altars:


Innate Abilities, Weirdness & Mutations

You have very sharp teeth.
Your uncanny sense of smell can sniff out nearby items.
Your experience applies equally to all skills.


Message History

No target in view!
No target in view!
No target in view!
No target in view!
No target in view!
No target in view!
No target in view!
No target in view!
No target in view!
No target in view!
No target in view!
You now have 24 gold pieces (gained 12).
You see here a +0 hunting sling.
A goblin comes into view. It is wielding a +0 club.
A goblin is nearby!
A goblin is nearby!
A goblin is nearby!
You reach to attack!
The helpless goblin fails to defend itself.
You hit the goblin.
The goblin is severely wounded.
You hit the goblin.
You kill the goblin!
No target in view!
No target in view!
No target in view!
No target in view!
No target in view!
No target in view!
No target in view!
No target in view!
Things that are here:
a +0 club; a goblin corpse
e - 2 sapphire potions A ball python comes into view.
A ball python is nearby!
A ball python is nearby!
You don't know any spells.
Okay, then.
Are you sure you want to abandon this character and quit the game? (Confirm with "yes".)

.##############
∆
....S..........
...............
#@# #.#
##########.#
#..........#
##.#....#####
#.....#.#
#..#..###
#..#..# #..#..#


You could see a ball python (asleep).

Vanquished Creatures
  A bat (D:1)
  A goblin (D:1)
2 creatures vanquished.

Notes
Turn   | Place    | Note
-------+----------+-------------------------------------------
     0 | D:1      | Rennog the Gnoll Wanderer began the quest for the Orb.
     0 | D:1      | Rennog set off with the following items: a +2 spear, a +0
                  | robe; and the following spells available to memorise:
                  | Sting, Ignite Poison
     0 | D:1      | Reached XP level 1. HP: 20/20 MP: 6/6
   141 | D:1      | Quit the game

Illustrated notes

Levels and vault maps discovered:
D:1:      onia_arrival_pentagram, layout_basic,
          shapermc_ecumenical_altar_starsandcircs, nrook_loot_triangle,
          nrook_campfire

Action                   || total
-------------------------++-------
Melee: Spear             ||     5
 Stab: Sleeping          ||     1
Armor: Robe              ||     3
Dodge: Dodged            ||     2

Table legend: (Time is in decaauts)
 A = Elapsed time spent in this place.
 B = Non-inter-level travel time spent in this place.
 C = Inter-level travel time spent in this place.
 D = Time resting spent in this place.
 E = Time spent auto-exploring this place.
 F = Levels seen in this place.
 G = Mean time per level.
                   A        B        C        D        E       F      G
               +--------+--------+--------+--------+--------+-----+--------+
         Total |    140 |    140 |      0 |      0 |    123 |   1 |  140.0 |
       Dungeon |    140 |    140 |      0 |      0 |    123 |   1 |  140.0 |
               +--------+--------+--------+--------+--------+-----+--------+

Top non-repeatable levels by time:
     D:1: 140 daAuts
